AoeStats
← RedReaper1205

Baltic

510324040Analyzed
3v3 RM · 3d ago on Sep 30, 2026· 61m 33s· 6 players
Game mode
Random Map
Map size
Normal (6 player)
Population
200
Speed
Normal
Resources
Standard
Victory
Conquest
Starting age
Dark Age
Ending age
Imperial Age
RankedLock teamsTeams togetherTeam positionsShared explorationLock speedFull tech treeHidden civsTurbo modeCheats
Victory
Defeat
🇷🇴 Danes · Romania
792
+16
🇨🇳 Turks · China
747
+18
🇹🇷 Khmer · Türkiye
650
+21
🇦🇺 Japanese · Australia
1026
-106
🇦🇺 Vikings · Australia
669
-14
🇦🇺 Spanish · Australia
662
-14
83766496
13:06 Feudal Age
16:51 Loom
19:45 Castle Age
17:55 Double-Bit Axe
17:54 Horse Collar
22:22 Heavy Plow
29:01 Wheelbarrow
32:24 Imperial Age
30:41 Gold Mining
31:18 Bow Saw
31:25 Bloodlines
31:18 Fishing Lines
32:15 Husbandry
32:28 Forging
32:32 Town Watch
33:34 Gold Shaft Mining
33:39 Hand Cart
34:26 Town Patrol
35:28 Iron Casting
34:59 Scale Barding Armor
35:02 Gillnets
36:18 Chain Barding Armor
37:19 Blast Furnace
36:20 Padded Archer Armor
36:43 Treadmill Crane
37:24 Ballistics
37:27 Bombard Tower
37:18 Masonry
37:18 Stone Mining
38:27 Medium Warships
38:57 Fletching
39:24 Leather Archer Armor
40:14 Heavy Warships
41:07 Two-Man Saw
40:31 Caravan
40:43 Guilds
40:49 Murder Holes
40:48 Guard Tower
41:13 Bodkin Arrow
41:53 Ring Archer Armor
42:03 Coinage
43:40 Banking
44:41 Conscription
44:23 Artillery
43:47 Elite Janissary
44:20 Heavy Camel Rider
46:40 Bracer
47:04 Careening
47:05 Clinker Construction
48:31 Hoardings
48:23 Dry Dock
49:06 Plate Barding Armor
48:33 Scale Mail Armor
56:23 Architecture
56:29 Keep
58:36 Fortified Wall
58:12 Arrowslits
58:57 Shipwright
59:33 Chain Mail Armor
Kostuklu/E/
9:22 Loom
11:49 Feudal Age
12:15 Double-Bit Axe
12:17 Fishing Lines
17:04 Horse Collar
20:31 Castle Age
18:19 Town Watch
19:53 Wheelbarrow
24:36 Gold Mining
24:36 Stone Mining
25:02 Bow Saw
24:49 Gillnets
24:30 Demolition Ship
25:32 Medium Warships
27:18 Heavy Plow
27:34 Caravan
29:14 Hand Cart
32:38 Tusk Swords
35:26 Town Patrol
36:38 Husbandry
38:53 Scale Barding Armor
38:48 Scale Mail Armor
38:49 Padded Archer Armor
39:01 Forging
38:43 Fletching
39:07 Fortified Wall
39:08 Masonry
38:55 Murder Holes
40:12 Bloodlines
41:05 Chain Barding Armor
41:21 Iron Casting
40:42 Bodkin Arrow
41:03 Leather Archer Armor
41:16 Ballistics
41:36 Chain Mail Armor
41:37 Leather Archer Armor
45:19 Imperial Age
43:41 Heated Shot
44:02 Clinker Construction
44:02 Careening
44:00 Siphons
44:38 Gold Shaft Mining
44:38 Stone Shaft Mining
46:09 Double Crossbow
46:31 Conscription
47:24 Hoardings
46:19 Sappers
47:07 Elite Ballista Elephant
48:39 Heavy Warships
49:21 Blast Furnace
48:57 Plate Barding Armor
49:34 Crop Rotation
50:10 Chemistry
49:42 Architecture
49:38 Siege Engineers
49:24 Capped Ram
51:12 Elite Battle Elephant
54:07 Leather Archer Armor
53:53 Bracer
53:46 Guard Tower
54:16 Carvel Hull
54:17 Dry Dock
57:33 Ring Archer Armor
60:26 Spies/Treason
CeramicGoose42
3:27 Loom
13:42 Feudal Age
14:14 Double-Bit Axe
14:16 Horse Collar
14:29 Town Watch
15:20 Wheelbarrow
14:10 Man-at-Arms
15:44 Wheelbarrow
15:49 Forging
15:39 Scale Mail Armor
16:09 Scale Mail Armor
21:41 Castle Age
21:48 Long Swordsman
23:05 Iron Casting
22:46 Chain Mail Armor
22:33 Heavy Plow
24:55 Gambesons
25:10 Squires
24:56 Arson
28:25 Hand Cart
28:11 Town Patrol
33:51 Hamask
RedReaper1205
9:47 Loom
19:11 Feudal Age
19:32 Feudal Age
22:14 Double-Bit Axe
22:17 Horse Collar
22:31 Arson
27:06 Castle Age
29:12 Castle Age
27:49 Wheelbarrow
29:21 Castle Age
28:37 Bloodlines
31:57 Hand Cart
32:03 Bow Saw
32:45 Stone Mining
32:52 Gold Mining
35:04 Squires
34:50 Gambesons
35:17 Thumb Ring
37:57 Husbandry
38:19 Heavy Plow
38:50 Town Watch
41:07 Crossbowman
41:08 Elite Skirmisher
41:16 Light Cavalry
41:21 Man-at-Arms
41:22 Pikeman
42:31 Fortified Wall
42:13 Guard Tower
43:00 Fletching
43:21 Forging
43:17 Scale Barding Armor
43:13 Scale Mail Armor
46:03 Chain Barding Armor
46:19 Iron Casting
48:17 Gold Shaft Mining
52:50 Masonry
Huilderi
17:39 Feudal Age
19:40 Padded Archer Armor
19:30 Fletching
23:17 Castle Age
28:09 Double-Bit Axe
30:29 Wheelbarrow
32:04 Man-at-Arms
32:33 Gambesons
34:17 Scale Barding Armor
34:22 Forging
34:10 Bodkin Arrow
34:47 Loom
35:47 Bloodlines
38:42 Chain Barding Armor
38:58 Iron Casting
38:54 Gold Mining
43:19 Imperial Age
41:50 Stone Mining
41:46 Horse Collar
42:20 Bow Saw
43:21 Onager
45:35 Cavalier
47:12 Plate Barding Armor
47:39 Blast Furnace
Wolfdreicht
2:01 Loom
14:45 Feudal Age
15:14 Man-at-Arms
24:03 Forging
23:54 Scale Mail Armor
24:59 Fletching
30:37 Castle Age
31:02 Long Swordsman
31:43 Squires
31:29 Arson
56:44 Gold Mining
56:56 Double-Bit Axe
57:30 Horse Collar
Connection lost

Rejoining the realm…

Still unreachable

The connection could not be restored.

Session expired

The server has moved on; the page needs a fresh start.